 Dungeon Crawl Stone Soup version 0.30-a0-279-g4b46babb21 (webtiles) character file.

Game seed: 9067789883291457453

10024 hikkokomori the Fighter (level 11, -14/71 HPs)
             Began as a Tengu Hunter on Oct 16, 2022.
             Was a High Priest of Okawaru.
             Demolished by a white ugly thing (24 damage)
             ... on level 11 of the Dungeon on Oct 17, 2022.
             The game lasted 00:43:10 (10590 turns).

hikkokomori the Fighter (Tengu Hunter)             Turns: 10590, Time: 00:43:11

Health: -14/71     AC:  8    Str: 12    XL:     11   Next: 55%
Magic:  13/13      EV: 19    Int: 10    God:    Okawaru [*****.]
Gold:   984        SH:  0    Dex: 21    Spells: 7/10 levels left

rFire   + . .      SeeInvis .    u - +4 shortbow (venom)
rCold   . . .      Faith    .    (shield currently unavailable)
rNeg    . . .      Spirit   .    T - +0 ring mail {rF+}
rPois   .          Reflect  .    (helmet restricted)
rElec   .          Harm     .    (no cloak)
rCorr   .          Rampage  .    Q - +0 pair of gloves
Will    .....                    (boots unavailable)
Stlth   +++.......               p - amulet of regeneration
HPRegen 1.11/turn                i - ring of flight
MPRegen 0.13/turn                (no ring)

@: flying quickly and evasively, quick
A: beak, talons 3, nimble flight
a: Renounce Religion, Heroism, Finesse, Duel


You were on level 11 of the Dungeon.
You worshipped Okawaru.
Okawaru was extremely pleased with you.
You visited 1 branch of the dungeon, and saw 11 of its levels.
You also visited: Sewer and Ossuary.

You collected 984 gold pieces.

Inventory:

Hand Weapons
 a - a +0 shortbow of flaming
 s - a +2 spear of freezing
 u - a +4 shortbow of venom (weapon)
 y - a +2 spear of venom
 A - a +5 longbow of freezing
 H - a +2 dagger of speed
 I - a +1 short sword of electrocution
 L - a +2 antimagic morningstar
 M - a +1 short sword of freezing
 O - a +1 falchion of electrocution
Missiles
 d - 2 throwing nets
Armour
 B - a +3 leather armour of positive energy
 D - the +6 buckler "Tutwad" {Regen+}
   (You found it on level 7 of the Dungeon)

   Regen:     It increases your rate of health regeneration.
 N - +0 steam dragon scales
 P - a +0 plate armour
 Q - a +0 pair of gloves (worn)
 T - a +0 ring mail of fire resistance (worn)
Magical Staves
 G - a staff of fire
Jewellery
 i - a ring of flight (left hand)
 p - an amulet of regeneration (around neck)
 z - an amulet of faith
 R - a ring of ice
Wands
 b - a wand of flame (29)
 t - a wand of digging (17)
 C - a wand of paralysis (8)
 E - a wand of mindburst (12)
 K - a wand of polymorph (10)
 S - a wand of iceblast (2)
Scrolls
 g - a scroll of blinking
 j - a scroll of fear
 k - 2 scrolls of summoning
 l - 5 scrolls of teleportation
 n - 3 scrolls of brand weapon
 J - a scroll of amnesia
Potions
 c - a potion of ambrosia {unknown}
 e - 2 potions of flight {unknown}
 f - 2 potions of attraction
 h - 6 potions of might
 m - 3 potions of mutation
 o - 3 potions of curing
 q - a potion of berserk rage
 r - a potion of heal wounds
 v - a potion of invisibility {unknown}
 w - a potion of haste {unknown}
 x - 3 potions of cancellation
 F - 2 potions of brilliance {unknown}


   Skills:
 + Level 9.4 Fighting
 + Level 4.8 Short Blades
 - Level 8.1 Ranged Weapons
 - Level 7.3 Armour
 - Level 9.0 Dodging
 + Level 6.6 Stealth
 + Level 4.5 Shields
 + Level 2.5 Invocations


You had 7 spell levels left.
You knew the following spells:

 Your Spells              Type           Power      Damage    Failure   Level
a - Inner Flame           Hex/Fire       0%         N/A       92%         3

Your spell library contained the following spells:

 Spells                   Type           Power      Damage    Failure   Level
 Ensorcelled Hibernation  Hex/Ice        0%         N/A       75%         2
 Spider Form              Tmut/Pois      0%         N/A       92%         3
 Anguish                  Hex/Necr       0%         N/A       100%        4
 Flame Wave               Conj/Fire      0%         2d4       100%        4
 Sticky Flame             Conj/Fire      0%         2d3       100%        4
 Yara's Violent Unravell  Hex/Tmut       0%         3d3       100%        5
 Enfeeble                 Hex            0%         N/A       100%        7


Dungeon Overview and Level Annotations

Branches:
Dungeon (11/15)            Temple (0/1) D:7            Lair (0/5) D:9
  Sewer (visited)         Ossuary (visited)
    Orc: D:9-12

Altars:
Ashenzari
Dithmenos
Elyvilon
Fedhas
Makhleb
Nemelex Xobeh
Okawaru
Vehumet
Xom

Shops:
D:9 *

Annotations:
D:10 Maurice
D:11 Fannar


Innate Abilities, Weirdness & Mutations

You have a beak for a mouth.
You have claws for feet.
Your magical nature lets you fly swiftly and evasively.


Message History

You reach down and open the door.
There is an open door here.
Found 4 large rocks.
Found a stone staircase leading up.
Found a robe.
No target in view!
Found an escape hatch in the ceiling.
No target in view!
Key pressed, stopping explore.
No target in view!
No target in view!
As you open the door, it creaks loudly!
No target in view!
The snapping turtle hisses angrily.
Key pressed, stopping explore.
l - 5 scrolls of teleportation (gained 1)
The snapping turtle hisses angrily.
Something hits you but does no damage.
Deactivating autopickup; reactivate with Ctrl-A.
No reachable target in view!
There is a strange disturbance nearby!
No reachable target in view!
There is a strange disturbance nearby!
No reachable target in view!
There is a strange disturbance nearby!
You shoot an arrow.
You hear a horrible gurgling sound!
Something hits you. Something hits you!
A white ugly thing comes into view.
Something barely misses you.
The white ugly thing gurgles horribly!
You shoot an arrow. Something hits you. The white ugly thing misses you.
The white ugly thing trunk-slaps you. The white ugly thing freezes you!!
* * * LOW HITPOINT WARNING * * *
Something hits you.
* * * LOW HITPOINT WARNING * * *
Something barely misses you. The white ugly thing trunk-slaps you!
* * * LOW HITPOINT WARNING * * *
The white ugly thing freezes you!!
You die...

#### ### #... ..#####
# ####### #.....# #
##≈≈≈≈≈###.....# ###
##≈≈≈≈≈≈≈##.....#
..###≈≈≈≈≈≈≈≈≈#.....#
#...###########u....#
..#.............@...#
###############{....+
# #≈≈≈≈≈≈≈≈t#.....# #
##≈≈≈≈≈≈≈##.....# #
##≈≈≈≈≈#####+###
####### ########


You could see a white ugly thing.

Vanquished Creatures
  A boulder beetle (D:10)
  3 two-headed ogres
  A cyclops (D:11)
  A manticore (D:8)
  Grinder (D:6)
  2 hornets
  A troll (D:11)
  A wyvern (D:10)
  A wraith (D:11)
  A shadow (D:10)
  2 steam dragons
  Menkaure (D:5)
  A water moccasin (D:8)
  An acid dragon (D:7)
  A sky beast (D:7)
  Pargi (Sewer)
  2 black bears
  6 orc warriors
  2 ogres
  7 centaurs
  3 phantoms (D:5)
  Blork the orc (D:6)
  2 kobold brigands (D:7)
  A gnoll sergeant (D:5)
  3 bullfrogs
  5 scorpions
  A necrophage (D:6)
  12 killer bees
  2 electric eels (D:8)
  4 howler monkeys
  6 hounds
  2 jellies (D:6)
  11 orc priests
  11 orc wizards
  2 iguanas
  8 mummies (Ossuary)
  Robin (D:3)
  24 gnolls
  12 adders
  3 river rats (D:3)
  3 white imps
  2 worms (D:4)
  6 dart slugs
  60 orcs
  8 endoplasms
  2 giant cockroaches (D:2)
  3 gnoll zombies (Ossuary)
  16 goblins
  9 hobgoblins
  15 jackals
  7 quokkas
  8 ball pythons
  6 bats
  8 frilled lizards
  A hobgoblin zombie (Ossuary)
  16 kobolds
  2 kobold zombies (Ossuary)
  2 orc zombies (Ossuary)
  5 rats
330 creatures vanquished.

Vanquished Creatures (others)
  3 orc wizards
  A fungus (D:3)
  7 plants
11 creatures vanquished.

Grand Total: 341 creatures vanquished

Notes
Turn   | Place    | Note
-------+----------+-------------------------------------------
     0 | D:1      | hikkokomori the Tengu Hunter began the quest for the Orb.
     0 | D:1      | Reached XP level 1. HP: 12/12 MP: 2/2
    79 | D:1      | Reached XP level 2. HP: 17/17 MP: 3/3
   848 | D:1      | Reached XP level 3. HP: 22/22 MP: 4/4
  1207 | D:2      | Reached XP level 4. HP: 27/27 MP: 5/5
  1746 | D:3      | Noticed an ogre
  1761 | D:4      | Gained mutation: Your magical nature lets you fly swiftly
                  | and evasively. [Tengu growth]
  1761 | D:4      | Reached XP level 5. HP: 18/32 MP: 6/6
  1923 | D:4      | Noticed a black bear
  2091 | D:3      | Reached XP level 6. HP: 17/37 MP: 7/7
  2093 | D:3      | Found a glowing drain.
  2098 | D:3      | Reached skill level 5 in Ranged Weapons
  2108 | Sewer    | Entered a sewer
  2280 | Sewer    | Noticed Pargi
  2297 | Sewer    | Killed Pargi
  2747 | D:3      | Reached XP level 7. HP: 43/43 MP: 8/8
  3390 | D:3      | Reached skill level 1 in Armour
  3677 | D:3      | Reached skill level 5 in Dodging
  3825 | D:3      | Found a shimmering altar of Xom.
  3957 | D:3      | Noticed Robin
  3981 | D:3      | Killed Robin
  4114 | D:3      | Reached XP level 8. HP: 34/48 MP: 9/9
  4367 | D:4      | Found a radiant altar of Vehumet.
  4528 | D:4      | Reached skill level 5 in Fighting
  4657 | D:4      | Found a sparkling altar of Nemelex Xobeh.
  4660 | D:4      | Found an iron altar of Okawaru.
  4660 | D:4      | Found a shadowy altar of Dithmenos.
  4660 | D:4      | Found a white marble altar of Elyvilon.
  4681 | D:4      | Became a worshipper of Warmaster Okawaru
  4940 | D:4      | Found a burning altar of Makhleb.
  4975 | D:5      | Entered Level 5 of the Dungeon
  4992 | D:5      | Found a blossoming altar of Fedhas.
  5070 | D:5      | Reached * piety under Okawaru
  5160 | D:5      | Noticed Menkaure
  5167 | D:5      | Killed Menkaure
  5263 | D:5      | Reached XP level 9. HP: 28/55 MP: 10/10
  5480 | D:5      | Noticed a two-headed ogre
  5666 | D:5      | Found a sand-covered staircase.
  5671 | Ossuary  | Entered an ossuary
  5945 | D:5      | Reached skill level 5 in Armour
  6013 | D:5      | Killed a two-headed ogre
  6013 | D:5      | Reached ** piety under Okawaru
  6573 | D:6      | Noticed Blork the orc
  6579 | D:6      | Killed Blork the orc
  6579 | D:6      | Reached *** piety under Okawaru
  6580 | D:6      | Reached XP level 10. HP: 63/63 MP: 11/11
  6617 | D:6      | Noticed Grinder
  6627 | D:6      | Killed Grinder
  7105 | D:7      | Identified the +6 buckler "Tutwad" {Regen+}
  7442 | D:7      | Found a staircase to the Ecumenical Temple.
  7839 | D:8      | Reached **** piety under Okawaru
  7923 | D:8      | Noticed a manticore
  7938 | D:8      | Learned a level 3 spell: Inner Flame
  8055 | D:8      | Reached skill level 1 in Shields
  8147 | D:8      | Reached skill level 1 in Short Blades
  8403 | D:8      | Killed a manticore
  8693 | D:9      | Found Kaghanut's Serpentskin Sales.
  8728 | D:9      | Noticed a two-headed ogre
  8738 | D:9      | Killed a two-headed ogre
  8738 | D:9      | Reached ***** piety under Okawaru
  8739 | D:9      | Reached skill level 5 in Stealth
  8936 | D:9      | Found a staircase to the Lair.
  8995 | D:9      | Paralysed by a hornet for 1 turns
  9000 | D:9      | Reached XP level 11. HP: 32/69 MP: 10/12
  9081 | D:9      | Identified the +2 dagger of Anejy {freeze, rC++ Str-2
                  | Int+7}
  9508 | D:10     | Entered Level 10 of the Dungeon
  9524 | D:10     | Reached skill level 1 in Invocations
  9548 | D:10     | Noticed Maurice
  9548 | D:10     | Noticed a two-headed ogre
  9660 | D:10     | Received a gift from Okawaru
  9737 | D:10     | Killed a two-headed ogre
  9761 | D:10     | Noticed a boulder beetle
  9780 | D:10     | Killed a boulder beetle
  9780 | D:10     | Received a gift from Okawaru
 10126 | D:11     | Noticed a cyclops
 10132 | D:11     | Killed a cyclops
 10229 | D:11     | Received a gift from Okawaru
 10246 | D:11     | Noticed a sea snake
 10268 | D:11     | Found a broken altar of Ashenzari.
 10356 | D:11     | Noticed Fannar
 10587 | D:11     | Noticed a white ugly thing
 10590 | D:11     | Demolished by a white ugly thing

Illustrated notes

Levels and vault maps discovered:
D:1:      saegor_arrival_under_anarchy, layout_basic
D:2:      layout_basic, minmay_heptomino_l4
D:3:      lemuel_castle_with_subvaults [lemuel_castle_interior_original],
          layout_basic, general_overflow_altar, portal_sewer_entry_b, uniq_robin
D:4:      layout_loops_ring, nicolae_vehumet_radiance,
          makhleb_blood_cavern_becter, grunt_temple_overflow_open
D:5:      layout_basic, mainiacjoe_overflow_tiny_flanked, enter_ossuary_2,
          nicolae_underground_beach, uniq_menkaure
D:6:      layout_basic, hangedman_abyss_or_decor_jellyfish_corner, uniq_grinder,
          uniq_blork_the_orc
D:7:      layout_loops_cross, minmay_temple_entry_wispy
D:8:      layout_rooms, nicolae_lava_and_water,
          hangedman_abyss_or_decor_lesser_grid
D:9:      layout_grid_maze, grunt_lair_entry_orc_guard_hut, grunt_ministairs_12,
          glass_columns_a, guppyfry_shop_venom
D:10:     layout_cave_pools, uniq_maurice
D:11:     layout_roguey [special_room_orc], serial_aquarium,
          aquarium_bridge_island_large [aquarium_subvault_large_open,
          aquarium_subvault_window, aquarium_subvault_window,
          aquarium_subvault_bridge, aquarium_subvault_bridge],
          aquarium_bridge_square [aquarium_subvault_wall,
          aquarium_subvault_bridge, aquarium_subvault_window,
          aquarium_subvault_bridge], aquarium_window_corner,
          aquarium_window_fake, aquarium_view_2e, aquarium_view_2e,
          nicolae_zen_rock_garden, evilmike_ruin_ashenzari, uniq_fannar

Skill      XL: |  1  2  3  4  5  6  7  8  9 10 11 |
---------------+----------------------------------+-----
Stealth        | 2 3 4 5 6 |  6.6
Dodging        | 3 4 5 6 8 9 |  9.0
Fighting       | 3 4 5 7 8 9 |  9.4
Ranged Weapons | 5 6 7 8 |  8.1
Armour         | 2 4 6 7 |  7.3
Shields        | 3 4 |  4.5
Short Blades   | 3 4 |  4.8
Invocations    | 2 |  2.5

Action                   |  1- 3 |  4- 6 |  7- 9 | 10-12 || total
-------------------------+-------+-------+-------+-------++-------
Melee: Shortbow          |       |       |     2 |       ||     2
       Kick              |       |       |     3 |    51 ||    54
       Spear             |       |       |     2 |       ||     2
       Dagger            |       |       |     1 |       ||     1
       Short sword       |       |       |       |   126 ||   126
       Peck              |       |       |       |    30 ||    30
 Fire: Shortbow          |    94 |   127 |   531 |   272 ||  1024
Invok: Heroism           |       |       |       |     3 ||     3
Evoke: Wand              |       |     6 |       |     1 ||     7
  Use: Scroll            |       |    11 |    10 |     8 ||    29
       Potion            |       |     3 |     1 |     2 ||     6
 Stab: Paralysed         |       |       |       |     3 ||     3
       Sleeping          |       |       |       |     3 ||     3
       Distracted        |       |       |       |     1 ||     1
Armor: Leather armour    |    13 |     8 |    28 |    20 ||    69
       Skin              |       |     9 |       |       ||     9
       Ring mail         |       |       |       |     1 ||     1
Dodge: Dodged            |    59 |    51 |   256 |   189 ||   555
Block: Buckler           |       |       |       |    41 ||    41

Table legend: (Time is in decaauts)
 A = Elapsed time spent in this place.
 B = Non-inter-level travel time spent in this place.
 C = Inter-level travel time spent in this place.
 D = Time resting spent in this place.
 E = Time spent auto-exploring this place.
 F = Levels seen in this place.
 G = Mean time per level.
                   A        B        C        D        E       F      G
               +--------+--------+--------+--------+--------+-----+--------+
         Total |  10217 |   9888 |    329 |    939 |   6234 |  13 |  785.9 |
       Dungeon |   9629 |   9300 |    329 |    771 |   5994 |  11 |  875.4 |
         Sewer |    411 |    411 |      0 |    164 |    142 |   1 |  411.0 |
       Ossuary |    176 |    176 |      0 |      4 |     97 |   1 |  176.0 |
               +--------+--------+--------+--------+--------+-----+--------+

Top non-repeatable levels by time:
     D:3: 2033 daAuts
     D:5: 1051 daAuts
     D:1: 967 daAuts
     D:9: 944 daAuts
     D:7: 782 daAuts
     D:4: 780 daAuts
     D:2: 762 daAuts
     D:6: 715 daAuts
     D:8: 642 daAuts
    D:10: 506 daAuts
    D:11: 442 daAuts
   Sewer: 411 daAuts
 Ossuary: 176 daAuts
